 Dungeon Crawl Stone Soup version 0.29.0-7-g18a832c13a (webtiles) character file.

Game seed: 15185633406048061581

95 LynnLen the Sneak (level 4, 0/22 HPs)
             Began as a Spriggan Enchanter on Aug 30, 2022.
             Slain by a black bear (8 damage)
             ... on level 3 of the Dungeon.
             The game lasted 00:09:12 (3159 turns).

LynnLen the Sneak (Spriggan Enchanter)              Turns: 3159, Time: 00:09:12

Health: 0/22       AC:  5    Str:  4    XL:     4   Next: 40%
Magic:  6/10       EV: 17    Int: 18    God:
Gold:   133        SH:  0    Dex: 15    Spells: 2/10 levels left

rFire   . . .      SeeInvis +   a - +1 dagger
rCold   . . .      Faith    .   (no shield)
rNeg    . . .      Spirit   .   b - +0 robe
rPois   .          Reflect  .   (helmet restricted)
rElec   .          Harm     .   q - +2 cloak
rCorr   .          Rampage  .   (gloves unavailable)
Will    .....                   (boots unavailable)
Stlth   +++.......              (no amulet)
HPRegen 0.07/turn               (no ring)
MPRegen 0.12/turn               (no ring)

@: confusing by touch, very quick
A: very small, no large weapons, unfitting armour, see invisible, speed 3
a: no special abilities


You were on level 3 of the Dungeon.
You visited 1 branch of the dungeon, and saw 3 of its levels.

You collected 133 gold pieces.

Inventory:

Hand Weapons
 a - a +1 dagger (weapon)
Armour
 b - a +0 robe (worn)
 q - a +2 cloak (worn)
Jewellery
 i - a ring of protection from cold
 k - a ring of fire
Scrolls
 d - 2 scrolls of teleportation
 h - a scroll of summoning {unknown}
 j - a scroll of enchant armour {unknown}
 l - 2 scrolls of noise {unknown}
 n - 2 scrolls of poison {unknown}
 o - a scroll of blinking {unknown}
 r - a scroll of magic mapping {unknown}
 s - a scroll of amnesia {unknown}
 t - a scroll of silence {unknown}
 u - a scroll of fear {unknown}
Potions
 c - 2 potions of invisibility
 e - 2 potions of curing
 f - 2 potions of berserk rage
 g - a potion of attraction
 m - a potion of ambrosia {unknown}
 p - a potion of cancellation {unknown}


   Skills:
 + Level 1.4 Fighting
 - Level 1.1 Short Blades
 - Level 2.6 Dodging
 + Level 5.5 Stealth
 + Level 3.7 Spellcasting
 + Level 4.4 Hexes


You had 2 spell levels left.
You knew the following spells:

 Your Spells              Type           Power      Damage    Failure   Level
a - Ensorcelled Hibernat  Hex/Ice        22%        N/A       10%         2
b - Confusing Touch       Hex            19%        N/A       8%          3
c - Tukima's Dance        Hex            19%        N/A       8%          3

Your spell library contained the following spells:

 Spells                   Type           Power      Damage    Failure   Level
 Dazzling Flash           Conj/Hex       22%        N/A       19%         3


Dungeon Overview and Level Annotations

Branches:
Dungeon (3/15)

Altars:


Innate Abilities, Weirdness & Mutations

You are very small and have problems with some larger weapons.
You are too small for most types of armour.
You have supernaturally acute eyesight. (SInv)
You cover ground extremely quickly. (Speed+++)


Message History

The helpless black bear fails to defend itself.
You impale the black bear!!
The black bear is severely wounded.
The black bear misses you. The black bear claws you.
The black bear claws you but does no damage.
The black bear goes berserk!
The black bear rages.
Casting: Confusing Touch (quite dangerous; 8% risk of failure)
Press: ? - help, Q - select action, (/) - cycle Dir - look around, f - activate Your hands begin to glow red.
The black bear bites you. The black bear closely misses you.
The black bear barely misses you.
You hit the black bear but do no damage.
The black bear is severely wounded.
The black bear barely misses you.
The black bear claws you but does no damage.
The black bear misses you. The black bear barely misses you.
The black bear claws you but does no damage. x2
You hit the black bear but do no damage.
The black bear is severely wounded.
The black bear bites you but does no damage.
The black bear closely misses you.
The black bear claws you but does no damage.
You hit the black bear but do no damage.
The black bear is severely wounded.
The black bear barely misses you. The black bear claws you.
The black bear claws you but does no damage.
You barely miss the black bear.
The black bear is severely wounded.
The black bear barely misses you. The black bear claws you. x2
The black bear barely misses you. The black bear completely misses you.
The black bear claws you.
You hit the black bear but do no damage.
The black bear is severely wounded.
The black bear misses you. The black bear closely misses you.
The black bear misses you.
You hit the black bear but do no damage.
The black bear is severely wounded.
The black bear bites you!
You die...

......## ##...............#######
.........##.†..........#.##......
.......#.........................
.......####.......h...#.#........
......÷...#...#####.....#........
o......##......## #.....#......?.
..h...# ###.#...# #†.............
.....# ##..#.#h###....[..$......
###### #.....#.@................
#.....#.###.........##.......
#.....#.#....##......##......
#.###................# ####.. .
##..##...........## .#
...................... #
#####.##...............
#.##...............
#.##..........#..^.


You could see a black bear (berserk).

Vanquished Creatures
  Crazy Yiuf (D:2)
  3 adders
  2 dart slugs
  4 endoplasms
  A giant cockroach (D:2)
  7 goblins
  2 hobgoblins (D:2)
  4 ball pythons
  4 bats
  A frilled lizard (D:2)
  A kobold (D:2)
  5 rats
35 creatures vanquished.

Vanquished Creatures (others)
  A fungus (D:2)
1 creature vanquished.

Grand Total: 36 creatures vanquished

Notes
Turn   | Place    | Note
-------+----------+-------------------------------------------
     0 | D:1      | LynnLen the Spriggan Enchanter began the quest for the Orb.
     0 | D:1      | Reached XP level 1. HP: 9/9 MP: 5/5
   562 | D:1      | Reached XP level 2. HP: 12/14 MP: 6/6
   573 | D:1      | Learned a level 2 spell: Ensorcelled Hibernation
  1789 | D:2      | Found a faded altar of an unknown god.
  1902 | D:2      | Reached skill level 1 in Fighting
  1902 | D:2      | Reached skill level 5 in Stealth
  1902 | D:2      | Reached XP level 3. HP: 18/18 MP: 5/8
  2013 | D:2      | Learned a level 3 spell: Confusing Touch
  2017 | D:2      | Learned a level 3 spell: Tukima's Dance
  2186 | D:2      | Found a runed translucent door.
  2187 | D:2      | Noticed Crazy Yiuf
  2218 | D:2      | Killed Crazy Yiuf
  2219 | D:2      | Reached XP level 4. HP: 22/22 MP: 3/10
  2635 | D:3      | Noticed a black bear
  2678 | D:3      | HP: 1/22 [black bear (7)]
  3159 | D:3      | Slain by a black bear

Illustrated notes

Levels and vault maps discovered:
D:1:      dpeg_arrival_pond, layout_basic
D:2:      minmay_chambers_of_ones, layout_rooms,
          shapermc_ecumenical_altar_totnotflames, grunt_ministairs_13,
          uniq_crazy_yiuf_cottage
D:3:      layout_rooms

Skill      XL: |  1  2 |
---------------+-------+-----
Spellcasting   | 3 |  3.7
Hexes          | 4 |  4.4
Fighting       | 1 |  1.4
Stealth        | 5 |  5.5
Short Blades   | |  1.1
Dodging        | |  2.6

Action                   |  1- 3 |  4- 6 || total
-------------------------+-------+-------++-------
Melee: Dagger            |   103 |    36 ||   139
 Cast: Ensorcelled Hiber |     9 |    10 ||    19
       Confusing Touch   |       |     2 ||     2
  Use: Scroll            |     3 |     1 ||     4
 Stab: Sleeping          |     9 |     5 ||    14
Armor: Robe              |    12 |    24 ||    36
Dodge: Dodged            |    76 |    60 ||   136
